Map: Lightshade LE

Players

Denver - Winner!

  • Race: Zerg Zerg
  • League: Master

Strange

  • Race: Protoss Protoss
  • League: Master

Event: DreamHack SC2 Masters 2021 Summer

VOD

Have the link to the VOD?

Description

Time

  • Played on: May 29, 2021, 11:42 a.m.
  • Length: 12:04

All games in this series

Show
View Real Time Build Order
Export as new Build Order

Denver Zerg - Winner!

Build Orders: Hatch First 

Get SALT Encoding   

  12  0:00  Drone  
  13  0:12  Overlord  
  13  0:17  Drone  
  14  0:30  Drone x2  
  16  0:47  Hatchery  
  15  0:52  Drone  
  15  0:55  Drone  
  17  0:59  Drone  
  18  1:10  Extractor  
  17  1:14  Spawning Pool  
  17  1:17  Drone  
  17  1:20  Drone  
  18  1:27  Drone  
  19  1:39  Drone  
  20  1:49  Overlord  
  20  2:00  Queen x2  
  24  2:01  Zergling x4  
  26  2:10  Metabolic Boost  
  26  2:11  Drone  
  26  2:12  Drone  
  28  2:21  Drone x2  
  30  2:38  Hatchery  
  30  2:39  Drone  
  30  2:43  Drone x2  
  32  2:48  Overlord  
  32  2:56  Drone x2  
  33  3:00  Queen  
  35  3:06  Drone  
  35  3:08  Drone  
  35  3:09  Drone  
  38  3:13  Drone x2  
  38  3:19  Lair  
  40  3:22  Overlord  
  41  3:27  Drone x2  
  41  3:33  Extractor  
  41  3:39  Overlord  
  41  3:40  Queen  
  44  3:44  Drone x2  
  44  3:48  Roach Warren  
  45  3:49  Zergling x2  
  45  3:50  Zergling x2  
  45  3:51  Zergling x2  
  48  3:56  Zergling x4  
  47  4:17  Drone x4  
  46  4:22  Spore Crawler  
  46  4:23  Drone  
  50  4:25  Zergling x12  
  50  4:31  Drone x3  
  59  4:38  Drone x2, Spore Crawler  
  61  4:41  Overlord  
  61  4:44  Extractor  
  61  4:45  Extractor  
  58  4:46  Drone  
  58  4:47  Drone, Hydralisk Den  
  58  4:51  Overlord  
  59  5:00  Drone x4  
  59  5:04  Spore Crawler  
  59  5:06  Drone  
  62  5:07  Drone x4  
  62  5:11  Drone x3  
  62  5:13  Drone  
  67  5:15  Extractor  
  67  5:17  Muscular Augments  
  66  5:23  Drone  
  66  5:24  Overlord  
  66  5:25  Drone  
  66  5:26  Drone  
  69  5:29  Extractor  
  69  5:32  Overlord  
  68  5:36  Overlord x2  
  68  5:41  Hydralisk x2  
  72  5:48  Hydralisk x2  
  74  5:58  Hydralisk x3  
  74  6:04  Hydralisk x2  
  80  6:09  Hydralisk x2  
  88  6:16  Hydralisk x2  
  88  6:17  Hydralisk  
  86  6:25  Hydralisk  
  86  6:26  Hydralisk  
  86  6:27  Overlord  
  90  6:33  Hydralisk  
  90  6:37  Hydralisk x2  
  90  6:39  Overlord  
  96  6:47  Hydralisk x3  
  102  6:56  Drone x3  
  105  7:04  Grooved Spines  
  105  7:07  Drone  
  102  7:08  Drone x2  
  102  7:09  Evolution Chamber  
  102  7:11  Extractor, Infestation Pit  
  102  7:14  Drone x5  
  106  7:19  Drone x3  
  106  7:22  Overlord  
  109  7:29  Overlord  
  109  7:30  Hydralisk  
  109  7:34  Overlord  
  111  7:40  Zerg Missile Weapons Level 1  
  111  7:41  Overlord  
  111  7:43  Evolution Chamber  
  106  7:52  Hydralisk x5  
  98  7:59  Hydralisk x2  
  94  8:07  Queen  
  94  8:10  Zerg Ground Armor Level 1  
  92  8:15  Hydralisk x3  
  92  8:16  Hydralisk  
  92  8:19  Infestor  
  100  8:26  Hydralisk  
  100  8:27  Hydralisk x2  
  104  8:35  Hydralisk x2  
  104  8:36  Hydralisk  
  104  8:41  Drone x3  
  113  8:43  Queen  
  115  8:53  Hydralisk x3  
  119  9:00  Infestor  
  121  9:07  Hatchery  
  121  9:09  Overlord  
  120  9:10  Queen  
  120  9:13  Hydralisk x2  
  120  9:14  Hydralisk  
  128  9:22  Overlord  
  128  9:27  Queen  
  128  9:28  Hydralisk x3  
  136  9:40  Overlord x2  
  136  9:46  Neural Parasite, Burrow  
  136  9:48  Infestor  
  136  9:49  Hydralisk x2  
  136  9:50  Hydralisk  
  144  9:59  Drone x3  
  148  10:00  Drone  
  148  10:13  Hydralisk x6  
  160  10:16  Overlord  
  160  10:19  Overlord  
  160  10:20  Overlord  
  154  10:32  Hydralisk  
  154  10:33  Hydralisk x4  
  158  10:37  Overlord  
  158  10:40  Hydralisk x3  
  164  10:49  Hydralisk x2  
  164  10:50  Hydralisk x2  
  164  10:56  Hydralisk x3  
  178  11:09  Hydralisk x6  
  184  11:14  Extractor  
  184  11:16  Infestor  
  185  11:21  Drone x3, Queen  
  185  11:23  Extractor  
  185  11:32  Drone x3  
  186  11:45  Zergling x10  
Show
View Real Time Build Order
Export as new Build Order

Strange Protoss 

Build Orders: 1 Gate Expand, Oracle Opening, Carriers 

Get SALT Encoding   

  12  0:00  Probe  
  13  0:12  Probe  
  14  0:20  Pylon  
  14  0:24  Probe  
  15  0:38  Probe (Chrono Boost), Gateway  
  16  0:47  Probe (Chrono Boost), Assimilator  
  17  0:53  Probe  
  18  1:05  Probe  
  19  1:17  Probe  
  20  1:24  Nexus  
  20  1:35  Cybernetics Core  
  20  1:38  Probe  
  21  1:44  Assimilator  
  21  1:50  Probe  
  22  1:54  Pylon  
  22  2:02  Probe  
  23  2:09  Adept (Chrono Boost)  
  23  2:12  Warp Gate  
  23  2:14  Probe  
  26  2:23  Stargate  
  26  2:28  Probe (Chrono Boost)  
  27  2:32  Stalker  
  27  2:35  Probe (Chrono Boost)  
  32  2:44  Probe (Chrono Boost)  
  32  2:45  Probe (Chrono Boost)  
  32  2:50  Probe (Chrono Boost)  
  32  2:51  Probe  
  34  3:02  Probe  
  34  3:03  Probe  
  38  3:08  Gateway  
  38  3:09  Oracle (Chrono Boost)  
  41  3:14  Probe  
  41  3:17  Probe  
  43  3:22  Pylon  
  43  3:23  Assimilator  
  43  3:25  Assimilator  
  43  3:27  Probe  
  42  3:29  Probe  
  43  3:36  Oracle (Chrono Boost)  
  43  3:40  Probe  
  47  3:41  Probe  
  47  3:46  Pylon  
  48  3:52  Probe  
  48  3:53  Probe  
  50  3:56  Pylon  
  50  4:04  Probe  
  50  4:05  Probe  
  52  4:16  Probe  
  53  4:17  Sentry  
  53  4:21  Stalker  
  53  4:23  Shield Battery  
  57  4:24  Pylon  
  57  4:26  Fleet Beacon  
  57  4:29  Stargate  
  57  4:36  Pylon  
  57  4:40  Probe x2  
  59  4:54  Pylon  
  59  4:58  Pylon  
  59  5:00  Nexus  
  59  5:04  Protoss Air Weapons Level 1 (Chrono Boost)  
  59  5:15  Zealot, Nexus  
  59  5:17  Carrier (Chrono Boost), Zealot  
  69  5:26  Carrier (Chrono Boost)  
  69  5:34  Shield Battery  
  75  5:37  Probe x2  
  75  5:40  Shield Battery  
  77  5:49  Probe x2  
  78  5:59  Zealot x2  
  78  6:01  Probe  
  75  6:14  Carrier (Chrono Boost)  
  79  6:27  Probe x2  
  79  6:31  Carrier (Chrono Boost)  
  81  6:39  Probe x2  
  89  6:41  Probe  
  89  6:45  Sentry x2  
  88  6:51  Probe  
  88  7:02  Pylon  
  86  7:10  Sentry x2  
  89  7:16  Pylon  
  89  7:18  Pylon  
  87  7:30  Carrier (Chrono Boost)  
  87  7:35  Stalker  
  87  7:36  Stalker  
  87  8:08  Carrier (Chrono Boost), Nexus  
  87  8:10  Pylon  
  87  8:12  Zealot x2  
  97  8:14  Pylon  
  96  8:33  Sentry, Adept  
  100  8:40  Forge  
  100  8:45  Probe x2  
  102  8:52  Carrier (Chrono Boost)  
  108  8:57  Probe x2  
  110  9:09  Probe x2  
  112  9:11  Twilight Council  
  112  9:12  Protoss Ground Weapons Level 1 (Chrono Boost)  
  112  9:15  Shield Battery  
  112  9:21  Probe x2  
  112  9:22  Probe  
  115  9:33  Probe x2  
  115  9:38  Probe  
  115  9:42  Void Ray  
  115  9:43  Assimilator  
  115  9:45  Probe, Void Ray, Assimilator  
  112  9:46  Probe, Charge (Chrono Boost)  
  112  9:50  Probe  
  123  9:58  Probe x2  
  125  10:03  Probe  
  126  10:08  Photon Cannon  
  126  10:10  Photon Cannon  
  126  10:12  Pylon  
  123  10:29  Carrier  
  129  10:37  Gateway  
  129  10:38  Gateway  
  129  10:39  Assimilator  
  129  10:40  Pylon  
  129  10:41  Pylon  
  129  10:47  Cybernetics Core  
  129  10:56  Gateway  
  129  10:57  Gateway  
  129  10:58  Carrier  
  129  11:01  Zealot x2  
  128  11:31  Zealot x3  
  125  11:40  Templar Archives  
  125  11:53  Sentry  
Tags
 
Add a new tag
Caveats
  • Supply blocks, unpowered buildings, or Contaminate may cause inaccurate times.
  • Supply counts are checked every 10 seconds.